 Dungeon Crawl Stone Soup version 0.27.0-1-g7a089689b8 (webtiles) character file.

Game seed: 13881245868634512154

6 trckry the Sneak (level 2, -1/24 HPs)
             Began as a Human Delver on Aug 8, 2021.
             Slain by a killer bee (6 damage)
             ... on level 8 of the Dungeon.
             The game lasted 00:02:54 (459 turns).

trckry the Sneak (Human Delver)                      Turns: 459, Time: 00:02:54

Health: -1/24      AC:  3    Str: 12    XL:     2   Next: 0%
Magic:  2/2        EV: 12    Int: 10    God:
Gold:   28         SH:  0    Dex: 14    Spells: 1/1 levels left

rFire    . . .     SeeInvis .   e - +0 quarterstaff
rCold    . . .     Faith    .   (shield currently unavailable)
rNeg     . . .     Spirit   .   b - +0 leather armour
rPois    .         Reflect  .   (no helmet)
rElec    .         Harm     .   (no cloak)
rCorr    .         Rampage  .   (no gloves)
Will     .....                  (no boots)
Stlth    +++.......             (no amulet)
HPRegen  0.08/turn              (no ring)
MPRegen  0.08/turn              (no ring)

@: hasted, very quick
A: no striking features
a: no special abilities


You were on level 8 of the Dungeon.
You visited 1 branch of the dungeon, and saw 3 of its levels.

You collected 28 gold pieces.

Inventory:

Hand Weapons
 a - a +0 mace
 e - a +0 quarterstaff (weapon)
Armour
 b - a +0 leather armour (worn)
Wands
 g - a wand of digging (3)
Scrolls
 c - 2 scrolls of fog
 d - a scroll of magic mapping


   Skills:
 - Level 3.0 Fighting
 * Level 2.6 Maces & Flails
 - Level 2.0 Dodging
 - Level 5.0 Stealth


You had one spell level left.
You didn't know any spells.
Your spell library was empty.

Dungeon Overview and Level Annotations

Branches:
Dungeon (6/15)
 Temple: D:4-7

Altars:
The Shining One


Message History

e - a +0 quarterstaff
e - a +0 quarterstaff (weapon)
Found 29 gold pieces.
There is a stone staircase leading up here.
There is an escape hatch in the floor here.
Found 9 gold pieces.
You open the door. 3 killer bees come into view.
The killer bee buzzes angrily. x2
Found an escape hatch in the ceiling.
There is an open door here.
The killer bee stings you but does no damage.
There's a creature in the doorway!
The killer bee barely misses you. The killer bee misses you.
The killer bee stings you.
You take 2 damage, and have 22/24 hp.
The killer bee stings you.
You take 6 damage, and have 16/24 hp.
MASSIVE DAMAGE!!
As you read the scroll labelled XUROQUM HENA, it crumbles to dust.
It is a scroll of amnesia.
You feel forgetful for a moment. The killer bee closely misses you. x2
You feel yourself speed up.
The killer bee stings you but does no damage.
The killer bee barely misses you. The killer bee stings you.
You take 2 damage, and have 14/24 hp.
You see here 9 gold pieces.
The killer bee stings you.
You take 6 damage, and have 8/24 hp.
MASSIVE DAMAGE!!
The killer bee barely misses you. The killer bee barely misses you.
The killer bee stings you.
* * * LOW HITPOINT WARNING * * *
You take 5 damage, and have 4/24 hp.
MASSIVE DAMAGE!!
The killer bee closely misses you. The killer bee barely misses you.
The killer bee misses you. The killer bee stings you.
You die...

.#.#####.###############.#.#
.#.# #....# #.#.# .#[#
####'# #.#.# .#............#
#####.#.# .#...<........#
#.....#.# .#.............#
#.###.#.# .##............#
#.# #.#.# .#
...........#####.# #.#.# .#
............@yy..# ###.# .#
..........######## #.# .#
... #<# .## . ###########.#
..# #...........# ###
#.#######.### #.# #.# #
####.# ### ##.#....#


You could see 2 killer bees.

Vanquished Creatures
  A dart slug (D:5)
  An orc (D:5)
  A goblin zombie (D:8)
  A kobold zombie (D:8)
4 creatures vanquished.

Vanquished Creatures (others)
  41 plants (D:8)
41 creatures vanquished.

Grand Total: 45 creatures vanquished

Notes
Turn   | Place    | Note
-------+----------+-------------------------------------------
     0 | D:5      | trckry the Human Delver began the quest for the Orb.
     0 | D:5      | Reached XP level 1. HP: 18/18 MP: 1/1
    44 | D:5      | Noticed a scorpion
    83 | D:5      | Noticed an orc wizard
   151 | D:5      | Noticed an orc priest
   209 | D:6      | You fall into a shaft and drop 2 floors!
   253 | D:8      | Found a glowing golden altar of the Shining One.
   272 | D:8      | Reached XP level 2. HP: 21/24 MP: 2/2
   422 | D:8      | Noticed a killer bee
   422 | D:8      | Noticed a killer bee
   422 | D:8      | Noticed a killer bee
   459 | D:8      | Slain by a killer bee

Illustrated notes

Levels and vault maps discovered:
D:5:      layout_gridville, kennysheep_mini, minmay_crystal_room,
          amcnicky_mini_rare_corridor_liquid
D:6:      layout_loops_ring, serial_shops, nicolae_shop_stone, minmay_microvault
D:8:      layout_basic, nicolae_tso_besieged_by_evil,
          mainiacjoe_overflow_catch_the_wave, nrook_loot_triangle, uniq_psyche

Action                   || total
-------------------------++-------
Melee: Mace              ||     9
  Use: Scroll            ||     2
       Potion            ||     1
 Stab: Distracted        ||     1
Armor: Leather armour    ||     2
Dodge: Dodged            ||    15
